Map: [ESL] Oceanborn

Players

ByuN - Winner!

  • Race: Terran Terran
  • Spawn Location: 5:00

SKillous

  • Race: Protoss Protoss
  • League: Diamond
  • Spawn Location: 11:00

Event: IEM Katowice 2024

VOD

Have the link to the VOD?

Description

Time

  • Played on: Feb. 8, 2024, 12:04 p.m.
  • Length: 7:43

All games in this series

Show
View Real Time Build Order
Export as new Build Order

ByuN Terran - Winner!

Build Orders: Cyclone Opening 

Get SALT Encoding   

  12  0:00  SCV  
  13  0:12  SCV  
  14  0:16  Supply Depot  
  14  0:24  SCV  
  15  0:38  Barracks  
  15  0:39  SCV  
  16  0:43  Refinery  
  16  0:51  SCV  
  16  0:54  Refinery  
  17  1:03  SCV  
  18  1:15  SCV  
  19  1:25  Reaper  
  20  1:27  Orbital Command  
  20  1:41  Factory  
  20  1:46  Supply Depot  
  20  1:52  SCV  
  21  2:04  SCV  
  22  2:18  SCV  
  23  2:24  Command Center  
  23  2:25  Cyclone  
  23  2:28  Barracks Reactor  
  25  2:31  SCV  
  26  2:40  Starport  
  26  2:43  SCV  
  27  2:49  Supply Depot  
  27  2:55  SCV  
  27  2:58  Factory Tech Lab  
  28  3:05  Marine x2  
  29  3:07  SCV  
  31  3:16  Siege Tank  
  31  3:17  Starport Tech Lab  
  31  3:19  SCV  
  35  3:24  Marine  
  35  3:25  Marine  
  36  3:31  SCV  
  37  3:42  Marine x2  
  37  3:43  SCV  
  40  3:48  Siege Tank  
  40  3:54  Banshee  
  46  3:55  SCV  
  47  4:06  Marine x2  
  47  4:07  Barracks, SCV  
  48  4:13  Orbital Command  
  48  4:20  SCV  
  48  4:23  Marine  
  48  4:24  Marine  
  51  4:26  Supply Depot  
  51  4:30  Siege Tank  
  54  4:42  SCV  
  54  4:45  SCV  
  51  4:54  SCV, Marine x2  
  51  4:55  Engineering Bay  
  51  4:58  Barracks, SCV  
  55  5:02  Bunker  
  55  5:04  Siege Tank  
  55  5:06  SCV  
  59  5:10  Supply Depot  
  59  5:12  SCV, Marine  
  61  5:15  Stimpack  
  61  5:18  SCV  
  62  5:24  SCV  
  62  5:26  Terran Infantry Weapons Level 1  
  62  5:27  Refinery  
  62  5:31  Marine x2  
  62  5:32  SCV  
  62  5:33  Supply Depot  
  62  5:34  Marine  
  66  5:36  Starport Reactor  
  66  5:38  SCV  
  66  5:41  Missile Turret  
  67  5:44  SCV  
  68  5:50  SCV  
  68  5:53  Factory Reactor  
  68  5:56  SCV  
  68  5:57  Marauder x2  
  74  6:00  Marine x2, Supply Depot, Refinery  
  74  6:02  Combat Shield  
  76  6:06  SCV  
  76  6:08  SCV  
  75  6:18  SCV  
  75  6:19  Marauder  
  75  6:21  Marine x2  
  75  6:22  Marauder  
  75  6:24  Supply Depot, SCV  
  83  6:26  Medivac  
  86  6:36  Medivac  
  86  6:39  Marine x2  
  88  6:41  Marauder  
  88  6:43  Marauder  
  88  6:46  Widow Mine x2  
  95  6:48  Supply Depot  
  94  7:01  Marine x2  
  93  7:02  Command Center  
  93  7:11  Marauder  
  93  7:12  Marauder  
  97  7:18  Marine  
  97  7:19  Marine  
  97  7:21  Widow Mine x2  
  100  7:26  Barracks  
  100  7:27  Barracks  
Show
View Real Time Build Order
Export as new Build Order

SKillous Protoss 

Build Orders: 1 Gate Expand, Phoenix Opening, Blink Stalkers 

Get SALT Encoding   

  12  0:00  Probe  
  13  0:12  Probe  
  14  0:17  Pylon  
  14  0:24  Probe  
  15  0:35  Gateway  
  15  0:36  Probe (Chrono Boost)  
  15  0:41  Assimilator  
  16  0:46  Probe (Chrono Boost)  
  17  0:52  Probe  
  18  1:04  Probe  
  19  1:16  Probe  
  20  1:22  Cybernetics Core  
  20  1:31  Nexus  
  20  1:39  Pylon  
  20  1:41  Probe  
  20  1:46  Assimilator  
  21  1:53  Probe  
  22  1:55  Adept (Chrono Boost)  
  22  1:58  Warp Gate  
  24  2:05  Probe  
  25  2:18  Probe  
  25  2:20  Adept  
  27  2:30  Probe  
  27  2:32  Twilight Council  
  28  2:42  Gateway  
  28  2:43  Probe  
  29  2:44  Probe  
  29  2:49  Gateway  
  30  2:55  Probe  
  30  2:56  Probe  
  31  3:05  Blink (Chrono Boost)  
  31  3:08  Probe x2  
  30  3:17  Sentry  
  32  3:20  Probe  
  32  3:24  Probe  
  32  3:26  Shield Battery  
  33  3:32  Probe  
  34  3:35  Pylon  
  34  3:37  Probe  
  30  3:52  Stalker x2  
  30  3:53  Phoenix  
  33  3:57  Stalker  
  33  4:00  Probe  
  36  4:04  Probe  
  37  4:12  Probe  
  37  4:16  Stalker  
  40  4:18  Probe (Chrono Boost)  
  40  4:21  Stalker  
  43  4:30  Probe (Chrono Boost)  
  44  4:34  Probe (Chrono Boost)  
  43  4:44  Probe  
  44  4:48  Stalker x3  
  45  4:53  Probe (Chrono Boost)  
  45  4:56  Probe (Chrono Boost)  
  46  5:00  Robotics Facility  
  46  5:05  Assimilator  
  46  5:06  Probe (Chrono Boost)  
  46  5:07  Assimilator, Probe (Chrono Boost)  
  48  5:14  Probe  
  48  5:17  Pylon  
  48  5:18  Probe  
  50  5:24  Stalker  
  50  5:25  Stalker  
  54  5:29  Pylon  
  54  5:35  Probe (Chrono Boost)  
  56  5:40  Probe (Chrono Boost)  
  56  5:44  Stalker  
  56  5:46  Probe (Chrono Boost)  
  56  5:48  Observer  
  61  5:50  Probe (Chrono Boost)  
  61  5:51  Probe (Chrono Boost)  
  61  5:52  Robotics Bay  
  62  5:59  Probe  
  62  6:00  Pylon  
  62  6:01  Shield Battery  
  62  6:03  Probe  
  64  6:09  Dark Shrine  
  64  6:11  Probe  
  66  6:22  Observer (Chrono Boost)  
  66  6:29  Nexus  
  66  6:31  Pylon  
  66  6:36  Disruptor (Chrono Boost)  
  66  6:37  Pylon  
  70  6:41  Stalker  
  72  6:47  Pylon  
  70  6:54  Stalker x2  
  72  7:05  Pylon  
  76  7:12  Zealot  
  76  7:15  Probe  
  73  7:19  Pylon  
  73  7:21  Stalker x2  
  75  7:23  Shield Battery  
  75  7:26  Probe  
  75  7:29  Probe  

Tags
 
Add a new tag
Caveats
  • Supply blocks, unpowered buildings, or Contaminate may cause inaccurate times.
  • Supply counts are checked every 10 seconds.